 Dungeon Crawl Stone Soup version 0.29.1-1-gd02db6906a (webtiles) character file.

Game seed: 7012385467465428790

8156 gromov111999 the Arsonist (level 11, 0/77 HPs)
             Began as an Octopode Fire Elementalist on Oct 4, 2022.
             Was an Initiate of Vehumet.
             Slain by a vampire mosquito (11 damage)
             ... on level 10 of the Dungeon.
             The game lasted 01:01:52 (12608 turns).

gromov111999 the Arsonist (OpFE)                   Turns: 12608, Time: 01:01:58

Health: 0/77       AC:  1    Str: 15    XL:     11   Next: 26%
Magic:  16/22      EV: 13    Int: 21    God:    Vehumet [......]
Gold:   221        SH:  0    Dex: 15    Spells: 13/25 levels left

rFire   . . .      SeeInvis .   f - +1 dagger (drain)
rCold   . . .      Faith    .   (no shield)
rNeg    . . .      Spirit   .   (helmet restricted)
rPois   +          Reflect  .   u - amulet of magic regeneration
rElec   .          Harm     .   y - ring of wizardry
rCorr   .          Rampage  .   J - ring of Doubts {rPois Dex+3}
Will    .....                   L - ring of wizardry
Stlth   +++.......              M - +6 ring of strength
HPRegen 0.22/turn               (no ring)
MPRegen 0.58/turn               (no ring)
                                (no ring)
                                (no ring)

@: no status effects
A: almost no armour, amphibious, 8 rings, camouflage 1, gelatinous body 1,
(nimble swimmer 1), tentacles
a: Renounce Religion


You were on level 10 of the Dungeon.
You worshipped Vehumet.
Vehumet was noncommittal.
You visited 2 branches of the dungeon, and saw 12 of its levels.

You collected 653 gold pieces.
You spent 432 gold pieces at shops.

Inventory:

Hand Weapons
 f - a +1 dagger of draining (weapon)
Missiles
 j - a throwing net
Armour
 I - an orb of guile
Jewellery
 u - an amulet of magic regeneration (around mantle)
 y - a ring of wizardry (left tentacle)
 J - the ring of Doubts (right tentacle) {rPois Dex+3}
   (You bought it in a shop on level 5 of the Dungeon)

   [ring of poison resistance]

   Dex:       It affects your dexterity (+3).
   rPois:     It protects you from poison.
 L - a ring of wizardry (on tentacle)
 M - a +6 ring of strength (on tentacle)
Wands
 C - a wand of acid (5)
 D - a wand of digging (3)
 F - a wand of polymorph (3)
 H - a wand of iceblast (16)
Scrolls
 b - 3 scrolls of teleportation
 c - 3 scrolls of immolation
 d - a scroll of enchant armour
 e - a scroll of blinking {unknown}
 g - 2 scrolls of poison
 h - a scroll of fear {unknown}
 i - 4 scrolls of vulnerability
 m - a scroll of amnesia {unknown}
 n - 2 scrolls of magic mapping
 o - a scroll of acquirement {unknown}
 r - a scroll of noise
 t - a scroll of summoning
 x - 2 scrolls of identify
 B - a scroll of enchant weapon {unknown}
 K - a scroll of brand weapon {unknown}
Potions
 a - a potion of magic
 k - a potion of ambrosia
 l - 3 potions of heal wounds
 p - 3 potions of cancellation
 q - 3 potions of mutation {unknown}
 s - 4 potions of curing
 v - a potion of resistance {unknown}
 w - a potion of brilliance {unknown}
 z - 3 potions of lignification
 A - a potion of attraction {unknown}
 E - 3 potions of flight
 G - a potion of haste {unknown}


   Skills:
 + Level 8.2 Fighting
 - Level 2.0 Dodging
 - Level 2.6 Stealth
 + Level 7.9 Spellcasting
 + Level 8.3 Conjurations
 + Level 8.8 Fire Magic
 - Level 3.4 Air Magic
 - Level 3.1 Poison Magic


You had 13 spell levels left.
You knew the following spells:

 Your Spells              Type           Power      Damage    Failure   Level
a - Foxfire               Conj/Fire      100%       2x1d9     1%          1
b - Scorch                Fire           90%        2d10      1%          2
c - Poisonous Vapours     Pois/Air       42%        N/A       1%          2
d - Mephitic Cloud        Conj/Pois/Air  29%        N/A       1%          3
e - Flame Wave            Conj/Fire      44%        2d11      1%          4

Your spell library contained the following spells:

 Spells                   Type           Power      Damage    Failure   Level
 Magic Dart               Conj           100%       1d8       1%          1
 Conjure Flame            Conj/Fire      44%        6-21      1%          3
 Inner Flame              Hex/Fire       26%        N/A       1%          3
 Call Imp                 Summ           8%         N/A       3%          2
 Corpse Rot               Necr/Pois/Air  17%        N/A       9%          4


Dungeon Overview and Level Annotations

Branches:
Dungeon (11/15)            Temple (1/1) D:6
   Lair: D:8-11         Orc: D:9-12

Altars:
Ashenzari
Cheibriados
Dithmenos
Elyvilon
Fedhas
Gozag
Hepliaklqana
Kikubaaqudgha
Makhleb
Nemelex Xobeh
Okawaru
Qazlal
Ru
Sif Muna
Trog
Uskayaw
Vehumet
Wu Jian
Xom
Yredelemnul
Zin
The Shining One

Shops:
D:4 =   D:5 =


Innate Abilities, Weirdness & Mutations

You cannot wear most types of armour.
You are amphibious.
You can wear up to eight rings at the same time.
Your skin changes colour to match your surroundings (Stealth+).
Your rubbery body absorbs attacks. (AC +1, EV +1)
((You are camouflaged when in or above water. (Stealth+)))
You have tentacles for arms and can constrict up to eight enemies at once.


Message History

A mysterious force pulls you upwards. The hatch slams shut behind you.
Casting: Scorch (safe; 1% risk of failure)
Confirm with . or Enter, or press ? or * to list all spells.
You can't see any susceptible monsters within range! (Use Z to cast anyway.)
Casting: Scorch (safe; 1% risk of failure)
Confirm with . or Enter, or press ? or * to list all spells.
Casting: Flame Wave (mildly dangerous; 1% risk of failure)
Press: ? - help, Dir - look around, f - activate A wave of flame ripples out!
The flame wave engulfs the vampire mosquito!
The vampire mosquito is heavily damaged.
The flame wave engulfs the vampire mosquito!
The vampire mosquito is severely damaged. (Press . to intensify the flame waves.)
The vampire mosquito bites you!
* * * LOW HITPOINT WARNING * * *
The vampire mosquito draws strength from your injuries!
The vampire mosquito bites you.
* * * LOW HITPOINT WARNING * * *
The vampire mosquito draws strength from your injuries!
The vampire mosquito bites you!
* * * LOW HITPOINT WARNING * * *
The vampire mosquito draws strength from your injuries!
The vampire mosquito bites you.
* * * LOW HITPOINT WARNING * * *
The vampire mosquito draws strength from your injuries!
You feel much better.
The vampire mosquito closely misses you. x2
The vampire mosquito misses you. The vampire mosquito barely misses you.
Unknown command.
The vampire mosquito barely misses you.
The vampire mosquito closely misses you.
The vampire mosquito barely misses you.
The vampire mosquito attacks as you move away!
The vampire mosquito bites you!
* * * LOW HITPOINT WARNING * * *
The vampire mosquito draws strength from your injuries!
The vampire mosquito attacks as you move away!
The vampire mosquito bites you!
You die...

# #.# # #.# # #.# #
##.###### ### #.......#
..# ###### #####..#.##.#
#.# #....#
#.........#.##### #.#
#.##.####y###..#.........
#.#
#.#.....@y.......##.#####
#.# #.#..####.##.....##^#
#.# #....# #.###....##.#
#.# ###.## #.###.......#
..# #.# #...)....#### ###
#.# ######.### #### #
#.#### ##'## #... #
#.##.## ##...## #.#. #
#.#.#.####.....## #.#.


You could see 2 vampire mosquitoes.

Vanquished Creatures
  A two-headed ogre (D:10)
  Pikel (D:6)
  An unseen horror (D:11)
  3 wyverns
  9 yaks (D:10)
  2 steam dragons (D:9)
  Menkaure (D:7)
  A water moccasin (D:6)
  4 orc warriors
  2 ice beasts
  A phantom (D:6)
  7 centaurs
  4 lemures (D:6)
  A kobold brigand (D:8)
  2 bullfrogs
  A necrophage (D:4)
  2 scorpions (D:5)
  8 wights
  40 killer bees
  2 howler monkeys
  A jelly (D:4)
  7 hounds
  2 orc priests
  6 iguanas
  2 orc wizards
  Robin (D:2)
  6 gnolls
  6 adders
  4 white imps
  5 worms
  2 dart slugs (D:3)
  26 orcs
  4 ball pythons
  11 endoplasms
  3 giant cockroaches
  13 goblins
  12 hobgoblins
  3 jackals (D:1)
  6 bats
  4 frilled lizards
  12 kobolds
  7 rats
236 creatures vanquished.

Vanquished Creatures (collateral kills)
  A killer bee (D:8)
  4 foxfires (D:4)
5 creatures vanquished.

Vanquished Creatures (others)
  A killer bee (D:9)
  382 foxfires
  7 plants (D:4)
390 creatures vanquished.

Grand Total: 631 creatures vanquished

Notes
Turn   | Place    | Note
-------+----------+-------------------------------------------
     0 | D:1      | gromov111999 the Octopode Fire Elementalist began the quest
                  | for the Orb.
     0 | D:1      | Reached XP level 1. HP: 11/11 MP: 3/3
   550 | D:1      | Reached XP level 2. HP: 18/18 MP: 5/5
   619 | D:1      | Learned a level 2 spell: Scorch
   763 | D:1      | Found a faded altar of an unknown god.
   934 | D:1      | Reached skill level 1 in Fighting
  1387 | D:2      | Reached XP level 3. HP: 18/23 MP: 6/6
  1969 | D:2      | Noticed Robin
  2010 | D:2      | Killed Robin
  2011 | D:2      | Reached XP level 4. HP: 28/28 MP: 1/7
  2780 | D:3      | Reached XP level 5. HP: 28/34 MP: 9/9
  3234 | D:3      | Identified the +1 ring mail of Bespelled Liberty {rPois
                  | Regen+ Dex-2}
  3734 | D:4      | Found a sparkling altar of Nemelex Xobeh.
  3737 | D:4      | Found a sacrificial altar of Ru.
  3740 | D:4      | Found a hide-covered altar of Uskayaw.
  3839 | D:4      | Reached XP level 6. HP: 41/41 MP: 5/10
  3841 | D:4      | Found Cyful's Jewellery Shop.
  4377 | D:4      | Found a glowing golden altar of the Shining One.
  4791 | D:5      | Entered Level 5 of the Dungeon
  4794 | D:5      | Reached XP level 7. HP: 46/46 MP: 7/12
  4855 | D:5      | Found Wach's Jewellery Boutique.
  5007 | D:5      | Learned a level 2 spell: Poisonous Vapours
  5110 | D:5      | Found a broken altar of Ashenzari.
  5266 | D:5      | Reached skill level 1 in Air Magic
  5351 | D:5      | Found an iron altar of Okawaru.
  5634 | D:6      | Reached skill level 5 in Fire Magic
  5738 | D:6      | Reached XP level 8. HP: 54/54 MP: 10/14
  6034 | D:6      | Noticed Pikel
  6065 | D:6      | Killed Pikel
  6179 | D:6      | Reached skill level 5 in Conjurations
  6187 | D:6      | Reached skill level 5 in Spellcasting
  6490 | D:7      | Reached skill level 5 in Fighting
  6490 | D:7      | Reached XP level 9. HP: 61/61 MP: 14/16
  6526 | D:7      | Learned a level 3 spell: Mephitic Cloud
  6531 | D:7      | Learned a level 4 spell: Flame Wave
  6810 | D:7      | Noticed Menkaure
  6814 | D:7      | Killed Menkaure
  6815 | D:7      | Reached skill level 1 in Poison Magic
  8201 | D:8      | Reached XP level 10. HP: 34/69 MP: 17/19
  9405 | D:8      | Noticed an elephant
  9783 | D:9      | Found a bloodstained altar of Trog.
  9952 | D:5      | Bought the ring of Doubts {rPois Dex+3} for 432 gold pieces
 10312 | D:6      | Found a staircase to the Ecumenical Temple.
 10317 | Temple   | Entered the Ecumenical Temple
 10571 | Temple   | Became a worshipper of Vehumet
 11381 | D:10     | Entered Level 10 of the Dungeon
 11571 | D:10     | Noticed a two-headed ogre
 11584 | D:10     | Killed a two-headed ogre
 11758 | D:10     | Reached XP level 11. HP: 74/77 MP: 18/22
 12608 | D:10     | Slain by a vampire mosquito

Illustrated notes

Levels and vault maps discovered:
D:1:      lemuel_arrival_room, layout_basic,
          shapermc_ecumenical_altar_starsandcircs, serial_bayou_pond_c
D:2:      layout_loops_ring, uniq_robin
D:3:      layout_loops_ring
D:4:      layout_rooms, grunt_temple_overflow_open, mainiacjoe_overflow_catwalk,
          serial_shops, nicolae_shop_waterfront, serial_bayou_lagoon_a
D:5:      layout_rooms, mainiacjoe_overflow_six_doors_small,
          kennysheep_okawaru_gauntlet, serial_shops, nicolae_shop_crystal
D:6:      layout_basic, minmay_temple_entry_nine_rooms,
          hangedman_decor_slide_cut, kennysheep_boxes, uniq_pikel
D:7:      layout_basic, uniq_menkaure
D:8:      wad_woods_minihive, layout_basic
D:9:      layout_loops_corners, mainiacjoe_overflow_24_doors, serial_glass,
          glass_columns_c, glass_columns_b, glass_columns_a, glass_columns_a,
          glass_columns_a, glass_columns_a, feat_on_display, item_on_display_a,
          due_unseen_surprise, feat_on_display
D:10:     layout_loops_corners
D:11:     lemuel_slime, layout_basic, dpeg_oklobed_lair,
          hangedman_decor_riveting
Temple:   regret_index_temple_generic_petals

Skill      XL: |  1  2  3  4  5  6  7  8  9 10 11 |
---------------+----------------------------------+-----
Fighting       | 1 2 3 4 5 6 7 8 |  8.2
Conjurations   | 2 3 4 5 6 7 8 |  8.3
Spellcasting   | 3 4 5 6 7 |  7.9
Fire Magic     | 4 5 6 7 8 |  8.8
Air Magic      | 1 3 |  3.4
Poison Magic   | 3 |  3.1
Dodging        | |  2.0
Stealth        | |  2.6

Action                   |  1- 3 |  4- 6 |  7- 9 | 10-12 || total
-------------------------+-------+-------+-------+-------++-------
Melee: Unarmed           |     8 |       |       |       ||     8
       Whip              |    16 |       |       |       ||    16
       Tentacles         |    10 |    17 |    19 |     7 ||    53
       Constrict         |    12 |    20 |    15 |     2 ||    49
       Dagger            |    26 |    98 |    55 |    27 ||   206
       Punch             |     1 |     3 |       |       ||     4
 Cast: Foxfire           |    21 |    55 |    84 |    88 ||   248
       Scorch            |       |    10 |    46 |    80 ||   136
       Mephitic Cloud    |       |       |    11 |    23 ||    34
       Poisonous Vapours |       |       |    11 |    14 ||    25
       Flame Wave        |       |       |     8 |     7 ||    15
  Use: Scroll            |       |     6 |     8 |       ||    14
       Potion            |       |       |     1 |     1 ||     2
 Stab: Sleeping          |    10 |    12 |       |     1 ||    23
       Distracted        |       |     2 |     1 |       ||     3
       Confused          |       |       |     3 |     2 ||     5
Armor: Skin              |     6 |     7 |     1 |     4 ||    18
Dodge: Dodged            |    28 |    28 |    82 |    70 ||   208
